 Dungeon Sprint DCSS version 0.20-a0-820-g557356e (webtiles) character file.

3873 esc the Fighter (level 10, -12/90 HPs)
             Began as a Vine Stalker Berserker on Mar 4, 2017.
             Was a High Priest of Trog.
             Killed from afar by a crystal guardian (39 damage)
             ... with a crystal bolt
             ... in the Dungeon (Sprint II: "The Violet Keep of Menkaure").
             The game lasted 00:05:40 (525 turns).

esc the Fighter (Vine Stalker Berserker)             Turns: 525, Time: 00:05:41

Health: -12/90     AC: 14    Str: 31    XL:     10   Next: 19%
Magic:  0/17       EV: 18    Int:  2    God:    Trog [*****.]
Gold:   704        SH:  0    Dex: 15    Spells: 17/17 levels left

rFire    . . .     SeeInvis +   e - +5 battleaxe "Keini" {flame, MR+ Str+2 Dex+2}
rCold    . . .     Gourm    .   l - +2 ring mail "Xifrey" {+Inv rElec rN++ Int-3}
rNeg     + + .     Faith    .   (shield currently unavailable)
rPois    +         Spirit   +   m - +2 helmet {SInv}
rElec    +         Reflect  .   k - +0 cloak {rPois}
rCorr    .         Harm     .   (no gloves)
MR       ++...     NoTele   +   (no boots)
Stlth    ..........             (no amulet)
Regen    0.7/turn               (no ring)
MPRegen  0.2/turn               (no ring)

@: berserking (expiring), very quick
A: fangs 3, dopey 1, regeneration 1, magic shield, antimagic bite, no potion
heal 3, rot immunity, subdued magic 1
a: Berserk, Trog's Hand, Brothers in Arms, Burn Spellbooks, Renounce Religion,
Evoke Invisibility


You were in the Dungeon.
You worshipped Trog.
Trog was extremely pleased with you.
You were hungry.

You visited 1 branch You collected 1134 gold pieces.
You spent 430 gold pieces at shops.

Inventory:

Hand Weapons
 a - a +0 falchion
 e - the +5 battleaxe "Keini" (weapon) {flame, MR+ Str+2 Dex+2}
   (Trog gifted it to you in the Dungeon)

   It has been specially enchanted to burn those struck by it, causing extra
   injury to most foes and up to half again as much damage against particularly
   susceptible opponents.
   Big, fiery blades are also staple armaments of hydra-hunters.
   It affects your strength (+2).
   It affects your dexterity (+2).
   It affects your resistance to hostile enchantments.
Armour
 k - a +0 cloak of poison resistance (worn)
   (You bought it in a shop in the Dungeon)
 l - the +2 ring mail "Xifrey" (worn) {+Inv rElec rN++ Int-3}
   (You bought it in a shop in the Dungeon)

   It affects your intelligence (-3).
   It insulates you from electricity.
   It greatly protects you from negative energy.
   It lets you turn invisible.
 m - a +2 helmet of see invisible (worn)
   (You bought it in a shop in the Dungeon)
Scrolls
 i - a scroll of blinking {!r}
Potions
 d - a potion of curing
 f - a potion of haste
 g - 2 potions of magic
 h - a potion of berserk rage {!q}
Comestibles
 b - 12 chunks of flesh {@w0}
 c - a bread ration {@e1}


   Skills:
 + Level 10.9 Fighting
 + Level 10.9 Long Blades
 + Level 9.9 Armour
 + Level 9.9 Dodging
 - Level 4.2 Spellcasting


You had 17 spell levels left.
You didn't know any spells.

Dungeon Overview and Level Annotations

Branches:
Dungeon (1/1)

Altars:
Cheibriados
Dithmenos
Elyvilon
Fedhas
Gozag
Hepliaklqana
Kikubaaqudgha
Makhleb
Nemelex Xobeh
Okawaru
Qazlal
Ru
Sif Muna
Trog
Uskayaw
Vehumet
Wu Jian
Xom
Yredelemnul
Zin
The Shining One
Beogh
Jiyva
Lugonu

Shops:
D :}=?[%!!*=(?(%:[

Annotations:
D exclusion: oklob plant


Innate Abilities, Weirdness & Mutations

You have razor-sharp teeth.
Your natural rate of healing is unusually fast.
When hurt, damage is shared between your health and your magic reserves.
Your bite disrupts and absorbs the magic of your enemies.
Potions cannot restore your health.
You are immune to rotting.
You are dopey. (Int -2)
Your spells are a little easier to cast, but a little less powerful.


Message History

You slash the yak! You burn the yak. The yak misses you. The yak gores you.
You take 2 damage, and have 52/55 hp.
You now have 15/16 mp.
You slash the yak! You burn the yak.
You kill the yak!
Trog accepts your kill.
You have reached level 10!
You regained 6 hp, and now have 58/60 hp.
You start resting.
Health restored: 60; MP restored: 17 A swamp drake and a death drake come into view.
The death drake hisses angrily.
The swamp drake roars!
You hear an angry hiss.
You hear a roar!
The swamp drake breathes noxious fumes at you.
The noxious blast engulfs you!
A swamp drake comes into view.
Unknown command.
A death drake and a crystal guardian come into view.
The swamp drake roars!
The death drake bites you but does no damage.
The swamp drake bites you!
You take 6 damage, and have 54/60 hp.
You now have 15/17 mp.
A red film seems to cover your vision as you go berserk!
You feel yourself moving faster!
You feel mighty!
You are feeling hungry.
The death drake bites you but does no damage.
The crystal guardian fires a crystalline bolt at you.
The crystal bolt burns the swamp drake.
The crystal bolt burns you! The crystal bolt misses you.
The swamp drake closely misses you.
You now have 82/90 hp.
You closely miss the swamp drake. You closely miss the death drake.
The death drake completely misses you.
The death drake bites you but does no damage.
You closely miss the death drake. Your bite misses the death drake.
You hit the death drake. You burn the death drake.
The death drake closely misses you.
The death drake bites you but does no damage.
The swamp drake breathes noxious fumes at you.
The noxious blast engulfs the crystal guardian.
The crystal guardian appears unharmed.
The death drake bites you but does no damage.
You closely miss the death drake. You bite the death drake.
You drain its power.
You feel invigorated.
You barely miss the death drake. The death drake completely misses you.
The death drake closely misses you. The death drake misses you.
MP restored: 17 You closely miss the death drake.
You bite the death drake. You drain its power. You slice the death drake!!
You burn the death drake! The death drake completely misses you.
The death drake bites you but does no damage.
The death drake misses you.
You closely miss the death drake. You bite the death drake.
You drain its power. You slice the death drake!! You burn the death drake.
The death drake bites you but does no damage.
The swamp drake breathes noxious fumes at you.
The noxious blast engulfs the death drake.
The death drake appears unharmed.
The death drake barely misses you. The death drake completely misses you.
You closely miss the death drake. You slash the death drake!
You burn the death drake. The death drake completely misses you.
The death drake bites you!
The death drake bites you but does no damage.
You take 6 damage, and have 80/90 hp.
You now have 16/17 mp.
You slice the death drake!! You burn the death drake.
Your bite misses the death drake. You barely miss the death drake.
The death drake bites you but does no damage.
The death drake barely misses you. x2
You closely miss the death drake. Your bite misses the death drake.
You closely miss the death drake. The death drake barely misses you.
The death drake bites you but does no damage.
The swamp drake breathes noxious fumes at you.
The noxious blast engulfs the crystal guardian.
The crystal guardian appears unharmed.
The death drake completely misses you.
You slash the death drake! You burn the death drake.
You feel the power of Trog in you as your rage grows.
You kill the death drake!
Trog accepts your kill.
You slash the death drake! You burn the death drake.
The death drake bites you but does no damage.
The crystal guardian fires a crystalline bolt at you.
The crystal bolt freezes you! x2; The death drake misses you.
You take 44 damage, and have 38/90 hp.
MASSIVE DAMAGE!!
You now have 8/17 mp.
You slash the death drake! You burn the death drake. You bite the death drake.
You drain its power.
You feel invigorated.
You completely miss the swamp drake. The swamp drake bites you.
The death drake misses you. The swamp drake bites you!
* * * LOW HITPOINT WARNING * * *
You take 11 damage, and have 27/90 hp.
You now have 6/17 mp.
You are too injured to fight recklessly!
You are too injured to fight recklessly!
You slice the swamp drake!! You burn the swamp drake.
You kill the swamp drake!
Trog accepts your kill.
You completely miss the death drake. The death drake bites you.
* * * LOW HITPOINT WARNING * * *
The death drake bites you but does no damage.
The crystal guardian fires a crystalline bolt at you.
The crystal bolt freezes you!
You die...

§≈§§≈## §§≈§≈≈##
;§§§§≈≈##++# ;;;§§≈#
...### ;;;§≈# ....##
+#+++## ...#!##
......# ..#8k#
#'##..# ####.#k.#
.#.##.####.$†§##@#
##..#....# #...####
#..####..#####..##.#
?($
#'###.##..#..'.^#..#
!!=
#.##...#..#..#..#..#


$%$( .<.'.#.'..####..##.#▓%$$[ #.##.).#..§.###...##▓▓▓▓▓
#'###.##......≈≈≈≈≈≈≈≈≈≈≈ .#.####≈≈.....≈#)######## You could see a death drake,
a crystal guardian and a swamp drake.

Vanquished Creatures
  A death drake (D)
  A merfolk siren (D)
  A yaktaur (D)
  3 polar bears (D)
  A hornet (D)
  5 hippogriffs (D)
  3 yaks (D)
  4 neqoxecs (D)
  A swamp drake (D)
  3 worms (D)
23 creatures vanquished.

Vanquished Creatures (others)
  Menkaure (D)
  2 crocodiles (D)
3 creatures vanquished.

Grand Total: 26 creatures vanquished

Notes
Turn   | Place    | Note
-------+----------+-------------------------------------------
     0 | D        | esc the Vine Stalker Berserker began the quest for the Orb.
     0 | D        | Reached XP level 1. HP: 11/11 MP: 2/2
     4 | D        | Reached skill level 3 in Long Blades
     4 | D        | Reached skill level 1 in Spellcasting
     6 | D        | Reached skill level 3 in Fighting
     6 | D        | Reached skill level 2 in Armour
     6 | D        | Reached skill level 2 in Dodging
     6 | D        | Reached XP level 2. HP: 16/16 MP: 2/4
    10 | D        | Noticed an electric eel
    11 | D        | Noticed a crocodile
    45 | D        | Noticed a neqoxec
    45 | D        | Noticed a neqoxec
    45 | D        | Noticed a neqoxec
    45 | D        | Noticed a neqoxec
    51 | D        | Killed a neqoxec
    51 | D        | Reached ** piety under Trog
    51 | D        | Reached skill level 4 in Fighting
    51 | D        | Reached skill level 4 in Long Blades
    51 | D        | Reached skill level 4 in Armour
    51 | D        | Reached skill level 4 in Dodging
    51 | D        | Reached skill level 4 in Spellcasting
    51 | D        | Reached XP level 3. HP: 16/22 MP: 4/9
    51 | D        | Gained mutation: Your natural rate of healing is unusually fast. [Vine Stalker growth]
    51 | D        | Reached XP level 4. HP: 19/26 MP: 4/11
    51 | D        | Reached XP level 5. HP: 22/30 MP: 4/12
    56 | D        | Killed a neqoxec
    56 | D        | Reached skill level 5 in Fighting
    56 | D        | Reached skill level 5 in Long Blades
    56 | D        | Reached skill level 5 in Armour
    56 | D        | Reached skill level 5 in Dodging
    56 | D        | Reached XP level 6. HP: 30/36 MP: 9/13
    59 | D        | Killed a neqoxec
    59 | D        | Reached skill level 6 in Fighting
    59 | D        | Reached skill level 6 in Long Blades
    63 | D        | Gained mutation: You are dopey. (Int -2) [a neqoxec]
    79 | D        | HP: 8/37 [neqoxec (3)]
    80 | D        | Gained mutation: Your spells are a little easier to cast, but a little less powerful. [a neqoxec]
    81 | D        | Killed a neqoxec
    81 | D        | Reached skill level 7 in Fighting
    81 | D        | Reached skill level 7 in Long Blades
    81 | D        | Reached skill level 6 in Armour
    81 | D        | Reached skill level 6 in Dodging
    81 | D        | Reached XP level 7. HP: 11/42 MP: 4/14
   150 | D        | Noticed a hippogriff
   150 | D        | Noticed a hippogriff
   156 | D        | Killed a hippogriff
   156 | D        | Reached *** piety under Trog
   161 | D        | Killed a hippogriff
   161 | D        | Reached skill level 8 in Fighting
   161 | D        | Reached skill level 8 in Long Blades
   161 | D        | Reached skill level 7 in Armour
   161 | D        | Reached skill level 7 in Dodging
   161 | D        | Gained mutation: You have razor-sharp teeth. [Vine Stalker growth]
   161 | D        | Reached XP level 8. HP: 47/47 MP: 15/15
   206 | D        | Found Qummegu's Antique Armour Shop.
   207 | D        | Found Puaj's Antique Weapon Boutique.
   207 | D        | Found Xixecox's Magic Scroll Shop.
   207 | D        | Found Rittamea's Food Boutique.
   207 | D        | Found Yngaezai's Assorted Antiques.
   207 | D        | Found Fenif's Antique Armour Shop.
   207 | D        | Found Udiseobb's Distillery.
   207 | D        | Found Heloguph's Antique Weapon Shop.
   207 | D        | Found Fieq's Magic Scroll Boutique.
   207 | D        | Found Koxue's Food Shop.
   207 | D        | Found Mockooni's Distillery.
   208 | D        | Found Gasyat's Jewellery Shop.
   208 | D        | Found Nuf Rank's Gadget Boutique.
   209 | D        | Found Xiatril's Book Boutique.
   209 | D        | Found Routs's Jewellery Shop.
   210 | D        | Noticed an oklob plant
   211 | D        | Found Fizoc's Book Shoppe.
   211 | D        | Noticed an ice dragon
   237 | D        | Bought a glowing cloak for 150 gold pieces
   246 | D        | Bought a pitted ring mail for 153 gold pieces
   246 | D        | Bought a runed helmet for 127 gold pieces
   256 | D        | Identified the +2 ring mail "Xifrey" {+Inv rElec rN++ Int-3} (You bought it in a shop in the Dungeon)
   280 | D        | Noticed a merfolk siren
   296 | D        | Killed a merfolk siren
   305 | D        | Found a blossoming altar of Fedhas.
   319 | D        | Reached **** piety under Trog
   366 | D        | Killed Menkaure
   374 | D        | Found a white marble altar of Elyvilon.
   374 | D        | Found an opulent altar of Gozag.
   374 | D        | Found a burning altar of Makhleb.
   375 | D        | Found a shadowy altar of Dithmenos.
   375 | D        | Found a corrupted altar of Lugonu.
   376 | D        | Found a snail-covered altar of Cheibriados.
   376 | D        | Found an ancient bone altar of Kikubaaqudgha.
   376 | D        | Found a bloodstained altar of Trog.
   377 | D        | Found a roughly hewn altar of Beogh.
   377 | D        | Found a viscous altar of Jiyva.
   377 | D        | Found a deep blue altar of Sif Muna.
   378 | D        | Found a hazy altar of Hepliaklqana.
   378 | D        | Found a sacrificial altar of Ru.
   378 | D        | Found a shimmering altar of Xom.
   379 | D        | Found a stormy altar of Qazlal.
   379 | D        | Found an ornate altar of the Wu Jian Council.
   379 | D        | Found a sparkling altar of Nemelex Xobeh.
   379 | D        | Found a hide-covered altar of Uskayaw.
   379 | D        | Found a basalt altar of Yredelemnul.
   379 | D        | Found a glowing golden altar of the Shining One.
   379 | D        | Noticed a hornet
   379 | D        | Noticed a polar bear
   380 | D        | Noticed a polar bear
   380 | D        | Found a radiant altar of Vehumet.
   380 | D        | Found an iron altar of Okawaru.
   380 | D        | Found a glowing silver altar of Zin.
   380 | D        | Noticed a yaktaur
   381 | D        | Noticed a polar bear
   388 | D        | Killed a polar bear
   388 | D        | Reached skill level 9 in Fighting
   388 | D        | Reached skill level 9 in Long Blades
   388 | D        | Reached skill level 8 in Dodging
   393 | D        | Killed a polar bear
   393 | D        | Reached skill level 8 in Armour
   396 | D        | Killed a hornet
   396 | D        | Reached XP level 9. HP: 42/53 MP: 16/16
   400 | D        | Killed a yaktaur
   400 | D        | Reached ***** piety under Trog
   406 | D        | Killed a polar bear
   453 | D        | Received a gift from Trog
   453 | D        | Reached skill level 10 in Fighting
   453 | D        | Reached skill level 10 in Long Blades
   453 | D        | Reached skill level 9 in Armour
   453 | D        | Reached skill level 9 in Dodging
   464 | D        | Got a shimmering battleaxe {god gift}
   474 | D        | Identified the +5 battleaxe "Keini" {flame, MR+ Str+2 Dex+2} (Trog gifted it to you in the Dungeon)
   499 | D        | Reached XP level 10. HP: 57/60 MP: 15/17
   512 | D        | Noticed a death drake
   513 | D        | Noticed a death drake
   513 | D        | Noticed a crystal guardian
   523 | D        | Killed a death drake
   525 | D        | Killed from afar by a crystal guardian

Vault maps used:
D:        the_violet_keep_of_menkaure

Skill      XL: |  1  2  3  4  5  6  7  8  9 |
---------------+----------------------------+-----
Long Blades    | 3 4 5 7 8 9 10 | 10.9
Spellcasting   | 1 4 |  4.2
Fighting       | 3 4 5 7 8 9 10 | 10.9
Armour         | 2 4 5 6 7 8 9 |  9.9
Dodging        | 2 4 5 6 7 8 9 |  9.9

Action                   |  1- 3 |  4- 6 |  7- 9 | 10-12 || total
-------------------------+-------+-------+-------+-------++-------
Melee: Falchion          |     8 |    29 |    65 |       ||   102
       Bite              |     5 |    14 |    32 |     4 ||    55
       Battleaxe         |       |       |     9 |    11 ||    20
Invok: Berserk           |     2 |       |     3 |     1 ||     6
  Eat: Chunk             |       |       |     4 |       ||     4
Armor: Animal skin       |       |     2 |     1 |       ||     3
       Ring mail         |       |       |    38 |    13 ||    51
Dodge: Dodged            |     1 |     9 |    66 |    18 ||    94
       Rpst.: Falchion   |     1 |     3 |    12 |       ||    16

Vault maps used:
D:        the_violet_keep_of_menkaure

Table legend:
 A = Turns spent in this place as a percentage of turns spent in the entire game.
 B = Non-inter-level travel turns spent in this place as a percentage of non-inter-level travel turns spent in the entire game.
 C = Inter-level travel turns spent in this place as a percentage of turns spent in this place.
 D = Turns resting spent in this place as a percentage of non-inter-level travel turns spent in this place.
 E = Turns spent auto-exploring this place as a percentage of non-inter-level travel turns spent in this place.
 F = Non-inter-level travel turns spent in this place divided by the number of levels of this place that you've seen.
                   A       B       C       D       E      F
               +-------+-------+-------+-------+-------+----------------------
         Total | 100.0 | 100.0 |   0.0 |   6.9 |   0.0 | 377.0
       Dungeon | 100.0 | 100.0 |   0.0 |   6.9 |   0.0 | 377.0
               +-------+-------+-------+-------+-------+----------------------

Table legend:
 A = Kills in this place as a percentage of kills in entire the game.
 B = Kills by you in this place as a percentage of kills by you in the entire game.
 C = Kills by friends in this place as a percentage of kills by friends in the entire game.
 D = Other kills in this place as a percentage of other kills in the entire game.
 E = Experience gained in this place as a percentage of experience gained in the entire game.
 F = Experience gained in this place divided by the number of levels of this place that you have seen.
                   A       B       C       D       E      F
               +-------+-------+-------+-------+-------+----------------------
         Total | 100.0 | 100.0 |  -nan |  -nan | 100.0 | 5533.0
       Dungeon | 100.0 | 100.0 |  -nan |  -nan | 100.0 | 5533.0
               +-------+-------+-------+-------+-------+----------------------
